Ducks vs RedWings

Created - Tuesday, January 26, 2016 at 12:15

Goals
1 2 3 OT1 SO T
Ducks 2 0 0 0 2 3
RedWings 2 0 0 0 1 2
Shots
1 2 3 OT1 SO T
Ducks 10 7 6 4 3 27
RedWings 15 7 7 2 3 31

1st period

1. RedWings , Devante Smith-Pelly 3 (Alexei Emelin, Joe Colborne) at 0:14
2. Ducks , Jean-Gabriel Pageau 9 (Brad Richardson) at 0:53
3. RedWings , Aaron Ekblad 10 (Joe Colborne) at 9:20
4. Ducks , Drew Miller 7 (Korbinian Holzer, Brad Richardson) at 12:40

Penalties :
Brad Richardson (Ana) for Roughing (Minor) at 2:27, Beau Bennett (Det) for Roughing (Double Minor) at 5:54, Brett Bellemore (Ana) for Roughing (Minor) at 8:45, Brad Richardson (Ana) for Roughing (Minor) at 15:14, Jan Hejda (Ana) for Hooking (Minor) at 16:05, Tanner Glass (Ana) for High sticking (Double Minor) at 19:24

2nd period

No Goal

Penalties :
Steve Downie (Det) for Tripping (Minor) at 2:49, Steve Downie (Det) for Cross-checking (Minor) at 17:07

3rd period

No Goal

Penalties :
Ryan White (Det) for Roughing (Minor) at 8:08, Ryan White (Det) for Holding Stick (Minor) at 11:04, Brett Bellemore (Ana) for Slashing (Minor) at 12:39, Ryan White (Det) for Holding (Minor) at 19:52

Overtime #1

No Goal

Penalties :
No Penalty

Shootout

Penalty Shot by Antoine Vermette for Ducks - Goal!
Penalty Shot by Joe Colborne for RedWings - Goal!
Penalty Shot by Brad Richardson for Ducks - Goal!
Penalty Shot by Devante Smith-Pelly for RedWings - Stopped by Jhonas Enroth
Penalty Shot by Jonathan Huberdeau for Ducks - Stopped by Jonas Hiller
Penalty Shot by Tomas Kopecky for RedWings - Stopped by Jhonas Enroth

Penalties :
No Penalty

Goalie Stats

Jhonas Enroth (Ana), 29 saves from 31 shots - (0.935), W, 7-6-1, 65:00 minutes
Jonas Hiller (Det), 25 saves from 27 shots - (0.926), OTL, 19-21-5, 65:00 minutes

Players Stats for Ducks

Player Name              G  A  P  +/- PIM S  H  SB GA TA FO     MP     PP MP  PK MP  
------------------------------------------------------------------------------------
Andrew MacWilliam        0  0  0  -1  0   3  4  1  0  3  0/0    24:45   3:04   5:19 
Antoine Vermette         0  0  0   0  0   1  3  0  2  0  5/10   21:07   5:01   7:38 
Blake Comeau             0  0  0   0  0   0  1  0  0  0  0/0     5:44   0:00   0:00 
Brad Richardson          0  2  2   1  4   4  3  0  3  0  4/9    21:26   5:02   1:33 
Brett Bellemore          0  0  0   2  4   0  3  0  0  1  0/0    20:17   6:49   0:15 
Drew Miller              1  0  1   2  0   1  1  1  0  3  0/0    17:10   0:00   6:42 
James Sheppard           0  0  0  -1  0   1  1  0  1  0  3/8    16:32   5:01   0:00 
Jan Hejda                0  0  0  -2  2   0  1  0  0  1  0/0    15:57   0:00   4:00 
Jean-Gabriel Pageau      1  0  1   2  0   2  1  1  3  1  2/4    13:14   0:00   2:10 
Jesse Joensuu            0  0  0   0  0   0  2  0  0  2  4/8    13:19   0:24   0:48 
Johnny Boychuk           0  0  0  -1  0   1  1  2  1  2  0/0    30:47   6:52   6:11 
Jonathan Huberdeau       0  0  0   0  0   1  0  0  3  0  1/3    15:20   4:31   0:00 
Korbinian Holzer         0  1  1   2  0   3  2  3  0  2  0/0    25:11   3:05   5:34 
Martin Marincin          0  0  0   0  0   2  2  0  0  0  0/0    12:20   0:00   0:00 
Melker Karlsson          0  0  0  -1  0   3  0  0  2  0  1/1    13:38   0:00   1:17 
Mike Weber               0  0  0   0  0   0  0  0  0  0  0/0     1:18   0:00   0:00 
Nikita Kucherov          0  0  0  -1  0   4  0  1  2  0  3/10   21:34   4:54   0:04 
Tanner Glass             0  0  0  -1  4   1  3  1  0  0  1/2    16:21   4:55   0:00 

Players Stats for RedWings

Player Name              G  A  P  +/- PIM S  H  SB GA TA FO     MP     PP MP  PK MP  
------------------------------------------------------------------------------------
Aaron Ekblad             1  0  1   2  0   7  3  1  1  1  0/0    28:06   6:18   5:19 
Alexei Emelin            0  1  1   2  0   1  3  5  0  2  0/0    28:06   6:18   5:19 
Beau Bennett             0  0  0   0  4   0  0  1  3  1  0/0     8:35   0:25   0:00 
Chris VandeVelde         0  0  0   0  0   3  0  0  2  0  5/9    12:38   4:39   0:00 
Derek Forbort            0  0  0  -2  0   1  0  1  0  0  0/0    11:54   0:00   0:00 
Devante Smith-Pelly      1  0  1   1  0   6  3  0  4  2  1/1    22:23   5:20   5:16 
Dylan Reese              0  0  0  -2  0   0  1  1  0  0  0/0    11:54   0:00   0:00 
Eric Gryba               0  0  0   0  0   0  2  4  0  1  0/0    25:00   4:22   6:29 
Jamie McGinn             0  0  0   0  0   4  0  0  1  0  0/0    19:11   5:04   4:12 
Joe Colborne             0  2  2   1  0   6  3  1  1  1  18/27  22:44   5:03   7:06 
Jordan Schroeder         0  0  0   0  0   0  0  1  0  1  2/6     9:25   0:00   0:55 
Mark Pysyk               0  0  0   0  0   0  1  1  0  0  0/0    25:00   4:22   6:29 
Matt Frattin             0  0  0  -2  0   0  1  1  0  0  0/0    16:07   0:00   2:46 
Peter Regin              0  0  0   0  0   0  0  0  0  0  0/0     8:11   0:00   0:00 
Ryan White               0  0  0  -1  6   0  1  0  2  1  1/1    13:58   0:16   0:00 
Steve Downie             0  0  0   0  4   2  2  0  5  0  0/1    12:55   4:38   0:00 
TJ Galiardi              0  0  0  -1  0   1  0  1  1  0  3/8    13:11   0:49   0:00 
Tomas Kopecky            0  0  0   1  0   0  4  2  0  0  1/2    16:42   5:45   1:29 

3 Stars

1 - Aaron Ekblad (Det)
2 - Jean-Gabriel Pageau (Ana)
3 - Drew Miller (Ana)

Power Play

Ducks - 0 on 7 Attempt(s) - 0.00%
RedWings - 0 on 7 Attempt(s) - 0.00%

Penalty Kill

Ducks - 7 on 7 Attempt(s) - 100.00% - Score 0 goal in Penalty Kill
RedWings - 7 on 7 Attempt(s) - 100.00% - Score 0 goal in Penalty Kill

Team Stat

Ducks - Hits : 28 - Faceoff Wins : 24 - Blocked Shots : 10 - Penalty Minutes : 14
RedWings - Hits : 24 - Faceoff Wins : 31 - Blocked Shots : 20 - Penalty Minutes : 14

Official

Referees : Unknown
Linesman : Unknown

Game Notes

No Game Note

Finance

Level 1 -- Attendance: 3910 (65.17%) -- Ticket Income $391,000
Level 2 -- Attendance: 3875 (77.50%) -- Ticket Income $232,500
Level 3 -- Attendance: 1292 (64.60%) -- Ticket Income $45,220
Level 4 -- Attendance: 2733 (68.33%) -- Ticket Income $54,660
Luxury Box -- Attendance: 1000 (100.00%) -- Ticket Income $170,000
Game was played at the Joe Louis Arena.
Total Attendance: 12810 (71.17%)
Total Ticket Income: $893,380
Other Income: $437,756
Total Income: $1,331,136

Ducks

5 vs 5 Forward 
   Center                   Left Wing                Right Wing               Time % Phy DF OF 
 1 James Sheppard           Melker Karlsson          Tanner Glass             36     1   2  2  
 2 Jesse Joensuu            Jonathan Huberdeau       Nikita Kucherov          30     1   2  2  
 3 Nikita Kucherov          Blake Comeau             Antoine Vermette         21     1   2  2  
 4 Jean-Gabriel Pageau      Brad Richardson          Drew Miller              13     1   2  2  

5 vs 5 Defense 
   Defense                  Defense                                           Time % Phy DF OF 
 1 Johnny Boychuk           Jan Hejda                                         35     1   2  2  
 2 Andrew MacWilliam        Martin Marincin                                   30     1   2  2  
 3 Korbinian Holzer         Brett Bellemore                                   22     1   2  2  
 4 Johnny Boychuk           Mike Weber                                        13     1   2  2  

PowerPlay Forward 
   Center                   Left Wing                Right Wing               Time % Phy DF OF 
 1 Brad Richardson          Antoine Vermette         James Sheppard           60     1   2  2  
 2 Tanner Glass             Jonathan Huberdeau       Nikita Kucherov          40     1   2  2  

PowerPlay Defense
   Defense                  Defense                                           Time % Phy DF OF 
 1 Johnny Boychuk           Brett Bellemore                                   60     1   2  2  
 2 Andrew MacWilliam        Korbinian Holzer                                  40     1   2  2  

Penalty Kill 4 Players Forward 
   Center                   Wing                     Time % Phy DF OF 
 1 Antoine Vermette         Drew Miller              60     1   2  2  
 2 Jean-Gabriel Pageau      Brad Richardson          40     1   2  2  

Penalty Kill 4 Players Defense
   Defense                  Defense                  Time % Phy DF OF 
 1 Johnny Boychuk           Jan Hejda                60     1   2  2  
 2 Korbinian Holzer         Andrew MacWilliam        40     1   2  2  

Penalty Kill - 3 Players Forward 
   Forward                                           Time % Phy DF OF 
 1 Antoine Vermette                                  60     1   2  2  
 2 Brad Richardson                                   40     1   2  2  

Penalty Kill - 3 Players Defense
   Defense                  Defense                  Time % Phy DF OF 
 1 Johnny Boychuk           Korbinian Holzer         60     1   2  2  
 2 Brett Bellemore          Andrew MacWilliam        40     1   2  2  

4 vs 4 Forward 
   Center                   Wing                     Time % Phy DF OF 
 1 Nikita Kucherov          Brad Richardson          60     1   2  2  
 2 Melker Karlsson          Antoine Vermette         40     1   2  2  

4 vs 4 Defense
   Defense                  Defense                  Time % Phy DF OF 
 1 Johnny Boychuk           Korbinian Holzer         60     1   2  2  
 2 Andrew MacWilliam        Brett Bellemore          40     1   2  2  

Last Minutes Offensive
   Center                   Left Wing                Right Wing               Defense                  Defense                  
   James Sheppard           Melker Karlsson          Tanner Glass             Johnny Boychuk           Andrew MacWilliam        

Last Minutes Defensive
   Center                   Left Wing                Right Wing               Defense                  Defense                  
   James Sheppard           Melker Karlsson          Tanner Glass             Johnny Boychuk           Jan Hejda                

Goaltenders
Starting : Jhonas Enroth            
Backup : Jonathan Bernier         

Extra Forwards
Normal : Antoine Vermette, Nikita Kucherov, Jonathan Huberdeau - PP : Antoine Vermette, Nikita Kucherov - PK : Antoine Vermette
Extra Defensemen
Normal : Johnny Boychuk, Brett Bellemore, Andrew MacWilliam - PP : Johnny Boychuk - PK : Johnny Boychuk, Andrew MacWilliam
Penalty Shots
Antoine Vermette, Brad Richardson, Jonathan Huberdeau, Drew Miller, Nikita Kucherov

RedWings

5 vs 5 Forward 
   Center                   Left Wing                Right Wing               Time % Phy DF OF 
 1 Joe Colborne             Devante Smith-Pelly      Tomas Kopecky            35     1   2  2  
 2 Chris VandeVelde         Jamie McGinn             Steve Downie             30     1   2  2  
 3 TJ Galiardi              Ryan White               Matt Frattin             22     1   2  2  
 4 Jordan Schroeder         Beau Bennett             Peter Regin              13     1   2  2  

5 vs 5 Defense 
   Defense                  Defense                                           Time % Phy DF OF 
 1 Alexei Emelin            Aaron Ekblad                                      35     1   2  2  
 2 Eric Gryba               Mark Pysyk                                        30     1   2  2  
 3 Derek Forbort            Dylan Reese                                       22     1   2  2  
 4 Alexei Emelin            Aaron Ekblad                                      13     1   2  2  

PowerPlay Forward 
   Center                   Left Wing                Right Wing               Time % Phy DF OF 
 1 Joe Colborne             Devante Smith-Pelly      Tomas Kopecky            60     1   2  2  
 2 Chris VandeVelde         Jamie McGinn             Steve Downie             40     1   2  2  

PowerPlay Defense
   Defense                  Defense                                           Time % Phy DF OF 
 1 Alexei Emelin            Aaron Ekblad                                      60     1   2  2  
 2 Eric Gryba               Mark Pysyk                                        40     1   2  2  

Penalty Kill 4 Players Forward 
   Center                   Wing                     Time % Phy DF OF 
 1 Joe Colborne             Devante Smith-Pelly      60     1   2  2  
 2 Tomas Kopecky            Jamie McGinn             40     1   2  2  

Penalty Kill 4 Players Defense
   Defense                  Defense                  Time % Phy DF OF 
 1 Alexei Emelin            Aaron Ekblad             60     1   2  2  
 2 Eric Gryba               Mark Pysyk               40     1   2  2  

Penalty Kill - 3 Players Forward 
   Forward                                           Time % Phy DF OF 
 1 Joe Colborne                                      60     1   2  2  
 2 Devante Smith-Pelly                               40     1   2  2  

Penalty Kill - 3 Players Defense
   Defense                  Defense                  Time % Phy DF OF 
 1 Alexei Emelin            Aaron Ekblad             60     1   2  2  
 2 Eric Gryba               Mark Pysyk               40     1   2  2  

4 vs 4 Forward 
   Center                   Wing                     Time % Phy DF OF 
 1 Joe Colborne             Devante Smith-Pelly      60     1   2  2  
 2 Tomas Kopecky            Jamie McGinn             40     1   2  2  

4 vs 4 Defense
   Defense                  Defense                  Time % Phy DF OF 
 1 Alexei Emelin            Aaron Ekblad             60     1   2  2  
 2 Eric Gryba               Mark Pysyk               40     1   2  2  

Last Minutes Offensive
   Center                   Left Wing                Right Wing               Defense                  Defense                  
   Joe Colborne             Devante Smith-Pelly      Tomas Kopecky            Alexei Emelin            Aaron Ekblad             

Last Minutes Defensive
   Center                   Left Wing                Right Wing               Defense                  Defense                  
   Joe Colborne             Devante Smith-Pelly      Tomas Kopecky            Alexei Emelin            Aaron Ekblad             

Goaltenders
Starting : Jonas Hiller             
Backup : Ben Scrivens             

Extra Forwards
Normal : TJ Galiardi, Ryan White, Matt Frattin - PP : TJ Galiardi, Ryan White - PK : Matt Frattin
Extra Defensemen
Normal : Derek Forbort, Dylan Reese, Eric Gryba - PP : Derek Forbort - PK : Dylan Reese, Eric Gryba
Penalty Shots
Joe Colborne, Devante Smith-Pelly, Tomas Kopecky, Jamie McGinn, Steve Downie

% Time on Ice - Ducks

Lines # - Real PCT - Wanted PCT - Time Play
Normal Forward
1 - 31% - 36% - 11:43
2 - 26% - 30% - 9:34
3 - 15% - 21% - 5:44
4 - 28% - 13% - 10:17
Normal Defense
1 - 32% - 35% - 11:47
2 - 36% - 30% - 13:29
3 - 29% - 22% - 10:44
4 - 3% - 13% - 1:18
PP Forward
1 - 51% - 60% - 5:02
2 - 49% - 40% - 4:54
PP Defense
1 - 69% - 60% - 6:52
2 - 31% - 40% - 3:04
PK Forward
1 - 74% - 60% - 7:06
2 - 26% - 40% - 2:26
PK Defense
1 - 55% - 60% - 5:17
2 - 45% - 40% - 4:15
PK3 Forward
1 - 100% - 60% - 1:08
2 - 0% - 40% - 0:00
PK3 Defense
1 - 79% - 60% - 0:54
2 - 21% - 40% - 0:14
44 Forward
1 - 89% - 60% - 6:21
2 - 11% - 40% - 0:45
44 Defense
1 - 65% - 60% - 4:39
2 - 35% - 40% - 2:27
Last Minute Offensive  - 0:00
Last Minute Defensive  - 0:00
Total
Forward - 65:00
Defense - 65:00

% Time on Ice - RedWings

Lines # - Real PCT - Wanted PCT - Time Play
Normal Forward
1 - 26% - 35% - 9:45
2 - 21% - 30% - 7:59
3 - 31% - 22% - 11:23
4 - 22% - 13% - 8:11
Normal Defense
1 - 36% - 35% - 13:24
2 - 32% - 30% - 12:00
3 - 32% - 22% - 11:54
4 - 0% - 13% - 0:00
PP Forward
1 - 53% - 60% - 5:36
2 - 48% - 40% - 5:04
PP Defense
1 - 59% - 60% - 6:18
2 - 41% - 40% - 4:22
PK Forward
1 - 85% - 60% - 8:27
2 - 15% - 40% - 1:29
PK Defense
1 - 35% - 60% - 3:27
2 - 65% - 40% - 6:29
PK3 Forward
1 - 100% - 60% - 1:52
2 - 0% - 40% - 0:00
PK3 Defense
1 - 100% - 60% - 1:52
2 - 0% - 40% - 0:00
44 Forward
1 - 81% - 60% - 4:15
2 - 19% - 40% - 0:59
44 Defense
1 - 59% - 60% - 3:05
2 - 41% - 40% - 2:09
Last Minute Offensive  - 0:00
Last Minute Defensive  - 0:00
Total
Forward - 65:00
Defense - 65:00

Play by Play

1st period


0:01 of 1st period - James Sheppard wins face-off versus Joe Colborne in neutral zone.
0:10 of 1st period - Slapshot by Joe Colborne.
0:10 of 1st period - Stopped by Jhonas Enroth with a rebound.
0:12 of 1st period - Snap shot by Alexei Emelin.
0:12 of 1st period - Stopped by Jhonas Enroth with a rebound.
0:14 of 1st period - Slapshot by Alexei Emelin.
0:14 of 1st period - Deflect By Devante Smith-Pelly.
0:14 of 1st period - Goal by Devante Smith-Pelly - Ducks : 0 - RedWings : 1.
0:15 of 1st period - Jesse Joensuu wins face-off versus Steve Downie in neutral zone.
0:35 of 1st period - Wrist shot by Jonathan Huberdeau.
0:35 of 1st period - Shot Hit the Post.
0:37 of 1st period - Wrist shot by Martin Marincin.
0:37 of 1st period - Shot Blocked by Eric Gryba.
0:45 of 1st period - Slapshot by Jonathan Huberdeau.
0:45 of 1st period - Shot Misses the Net.
0:47 of 1st period - Slapshot by Nikita Kucherov.
0:47 of 1st period - Stopped by Jonas Hiller with a rebound.
0:49 of 1st period - Slapshot by Martin Marincin.
0:49 of 1st period - Deflect By Jonathan Huberdeau.
0:49 of 1st period - Shot Blocked by Eric Gryba.
0:49 of 1st period - Puck is out of play.
0:50 of 1st period - Jean-Gabriel Pageau wins face-off versus TJ Galiardi in RedWings zone.
0:53 of 1st period - Wrist shot by Brad Richardson.
0:53 of 1st period - Deflect By Jean-Gabriel Pageau.
0:53 of 1st period - Goal by Jean-Gabriel Pageau - Ducks : 1 - RedWings : 1.
0:54 of 1st period - Nikita Kucherov wins face-off versus TJ Galiardi in neutral zone.
2:13 of 1st period - Joe Colborne is hit by Korbinian Holzer.
2:27 of 1st period - Minor Penalty to Brad Richardson for Roughing.
2:28 of 1st period - Antoine Vermette wins face-off versus Chris VandeVelde in Ducks zone.
2:50 of 1st period - Off-side.
2:51 of 1st period - Joe Colborne wins face-off versus Antoine Vermette in neutral zone.
3:02 of 1st period - Wrist shot by Devante Smith-Pelly.
3:02 of 1st period - Stopped by Jhonas Enroth with a rebound.
3:04 of 1st period - Snap shot by Devante Smith-Pelly.
3:04 of 1st period - Deflect By Joe Colborne.
3:04 of 1st period - Shot Misses the Net.
3:04 of 1st period - Puck is out of play.
3:05 of 1st period - Joe Colborne wins face-off versus Jean-Gabriel Pageau in Ducks zone.
3:06 of 1st period - Snap shot by Devante Smith-Pelly.
3:06 of 1st period - Shot Misses the Net.
3:23 of 1st period - Off-side.
3:24 of 1st period - Antoine Vermette wins face-off versus Chris VandeVelde in neutral zone.
3:35 of 1st period - Slapshot by Aaron Ekblad.
3:35 of 1st period - Shot Blocked by Drew Miller.
3:37 of 1st period - Snap shot by Chris VandeVelde.
3:37 of 1st period - Shot Misses the Net.
3:39 of 1st period - Slapshot by Alexei Emelin.
3:39 of 1st period - Shot Blocked by Andrew MacWilliam.
3:41 of 1st period - Snap shot by Jamie McGinn.
3:41 of 1st period - Shot Misses the Net.
4:24 of 1st period - Jean-Gabriel Pageau is hit by Joe Colborne and loses puck.
4:27 of 1st period - Penalty to Brad Richardson is over, Brad Richardson is back on ice.
5:16 of 1st period - Wrist shot by James Sheppard.
5:16 of 1st period - Shot Hit the Post.
5:18 of 1st period - Slapshot by Andrew MacWilliam.
5:18 of 1st period - Shot Blocked by Alexei Emelin.
5:20 of 1st period - Slapshot by Martin Marincin.
5:20 of 1st period - Stopped by Jonas Hiller without a rebound.
5:21 of 1st period - Nikita Kucherov wins face-off versus Jordan Schroeder in RedWings zone.
5:54 of 1st period - Double Minor Penalty to Beau Bennett for Roughing.
5:55 of 1st period - Joe Colborne wins face-off versus Tanner Glass in RedWings zone.
6:12 of 1st period - Wrist shot by Nikita Kucherov.
6:12 of 1st period - Shot Misses the Net.
6:14 of 1st period - Slapshot by Brett Bellemore.
6:14 of 1st period - Shot Misses the Net.
6:16 of 1st period - Snap shot by Tanner Glass.
6:16 of 1st period - Stopped by Jonas Hiller without a rebound.
6:17 of 1st period - Joe Colborne wins face-off versus Brad Richardson in RedWings zone.
7:00 of 1st period - Eric Gryba is hit by Tanner Glass and loses puck.
7:47 of 1st period - Andrew MacWilliam is hit by Devante Smith-Pelly and loses puck.
8:45 of 1st period - Minor Penalty to Brett Bellemore for Roughing.
8:46 of 1st period - Joe Colborne wins face-off versus Nikita Kucherov in Ducks zone.
8:58 of 1st period - Snap shot by Joe Colborne.
8:58 of 1st period - Shot Blocked by Korbinian Holzer.
9:18 of 1st period - Slapshot by Aaron Ekblad.
9:18 of 1st period - Stopped by Jhonas Enroth with a rebound.
9:20 of 1st period - Slapshot by Aaron Ekblad.
9:20 of 1st period - Goal by Aaron Ekblad - Ducks : 1 - RedWings : 2.
9:21 of 1st period - Devante Smith-Pelly wins face-off versus Nikita Kucherov in neutral zone.
9:26 of 1st period - Wrist shot by Devante Smith-Pelly.
9:26 of 1st period - Stopped by Jhonas Enroth with a rebound.
9:28 of 1st period - Slapshot by Joe Colborne.
9:28 of 1st period - Shot Blocked by Korbinian Holzer.
9:32 of 1st period - Snap shot by Joe Colborne.
9:32 of 1st period - Stopped by Jhonas Enroth without a rebound.
9:33 of 1st period - Joe Colborne wins face-off versus Nikita Kucherov in Ducks zone.
9:54 of 1st period - Penalty to Beau Bennett is over, Beau Bennett is back on ice.
10:36 of 1st period - Andrew MacWilliam is hit by Steve Downie and loses puck.
10:45 of 1st period - Penalty to Brett Bellemore is over, Brett Bellemore is back on ice.
10:52 of 1st period - Antoine Vermette is hit by Aaron Ekblad.
11:02 of 1st period - Andrew MacWilliam is hit by Alexei Emelin and loses puck.
11:35 of 1st period - Snap shot by Matt Frattin.
11:35 of 1st period - Shot Misses the Net.
11:37 of 1st period - Snap shot by Matt Frattin.
11:37 of 1st period - Deflect By TJ Galiardi.
11:37 of 1st period - Shot Blocked by Tanner Glass.
11:37 of 1st period - Puck is out of play.
11:38 of 1st period - Jesse Joensuu wins face-off versus Jordan Schroeder in Ducks zone.
11:49 of 1st period - Slapshot by Jonathan Huberdeau.
11:49 of 1st period - Stopped by Jonas Hiller without a rebound.
11:50 of 1st period - Jordan Schroeder wins face-off versus Jesse Joensuu in RedWings zone.
11:50 of 1st period - Jordan Schroeder is hit by Jesse Joensuu.
12:08 of 1st period - Slapshot by Nikita Kucherov.
12:08 of 1st period - Stopped by Jonas Hiller without a rebound.
12:09 of 1st period - Jean-Gabriel Pageau wins face-off versus TJ Galiardi in RedWings zone.
12:12 of 1st period - Snap shot by Brad Richardson.
12:12 of 1st period - Shot Blocked by Matt Frattin.
12:14 of 1st period - Slapshot by Brett Bellemore.
12:14 of 1st period - Deflect By Brad Richardson.
12:14 of 1st period - Stopped by Jonas Hiller without a rebound.
12:15 of 1st period - Ryan White wins face-off versus Jean-Gabriel Pageau in RedWings zone.
12:32 of 1st period - Snap shot by Brad Richardson.
12:32 of 1st period - Shot Misses the Net.
12:34 of 1st period - Slapshot by Korbinian Holzer.
12:34 of 1st period - Stopped by Jonas Hiller with a rebound.
12:36 of 1st period - Wrist shot by Drew Miller.
12:36 of 1st period - Shot Blocked by TJ Galiardi.
12:38 of 1st period - Wrist shot by Drew Miller.
12:38 of 1st period - Shot Misses the Net.
12:40 of 1st period - Snap shot by Drew Miller.
12:40 of 1st period - Goal by Drew Miller - Ducks : 2 - RedWings : 2.
12:41 of 1st period - Melker Karlsson wins face-off versus Joe Colborne in neutral zone.
12:54 of 1st period - Backhand shot by Johnny Boychuk.
12:54 of 1st period - Shot Blocked by Joe Colborne.
12:56 of 1st period - Slapshot by James Sheppard.
12:56 of 1st period - Shot Blocked by Tomas Kopecky.
13:12 of 1st period - Slapshot by Melker Karlsson.
13:12 of 1st period - Shot Misses the Net.
13:14 of 1st period - Snap shot by Tanner Glass.
13:14 of 1st period - Shot Misses the Net.
13:16 of 1st period - Snap shot by James Sheppard.
13:16 of 1st period - Stopped by Jonas Hiller without a rebound.
13:17 of 1st period - Chris VandeVelde wins face-off versus Jesse Joensuu in RedWings zone.
13:24 of 1st period - Jamie McGinn is hit by Andrew MacWilliam and loses puck.
13:37 of 1st period - Slapshot by Steve Downie.
13:37 of 1st period - Shot Blocked by Nikita Kucherov.
13:39 of 1st period - Snap shot by Jamie McGinn.
13:39 of 1st period - Deflect By Chris VandeVelde.
13:39 of 1st period - Stopped by Jhonas Enroth with a rebound.
14:09 of 1st period - Mark Pysyk is hit by Brad Richardson and loses puck.
14:26 of 1st period - Steve Downie is hit by Jan Hejda and loses puck.
15:14 of 1st period - Minor Penalty to Brad Richardson for Roughing.
15:15 of 1st period - Joe Colborne wins face-off versus Antoine Vermette in Ducks zone.
15:25 of 1st period - Drew Miller is hit by Joe Colborne and loses puck.
15:32 of 1st period - Snap shot by Devante Smith-Pelly.
15:32 of 1st period - Stopped by Jhonas Enroth without a rebound.
15:33 of 1st period - Antoine Vermette wins face-off versus Joe Colborne in Ducks zone.
15:46 of 1st period - Snap shot by Aaron Ekblad.
15:46 of 1st period - Stopped by Jhonas Enroth with a rebound.
15:48 of 1st period - Snap shot by Aaron Ekblad.
15:48 of 1st period - Shot Misses the Net.
15:50 of 1st period - Wrist shot by Joe Colborne.
15:50 of 1st period - Stopped by Jhonas Enroth without a rebound.
15:51 of 1st period - Joe Colborne wins face-off versus Antoine Vermette in Ducks zone.
16:05 of 1st period - Minor Penalty to Jan Hejda for Hooking.
16:06 of 1st period - Chris VandeVelde wins face-off versus Antoine Vermette in Ducks zone.
16:06 of 1st period - Slapshot by Aaron Ekblad.
16:06 of 1st period - Shot Blocked by Korbinian Holzer.
16:08 of 1st period - Slapshot by Aaron Ekblad.
16:08 of 1st period - Deflect By Jamie McGinn.
16:08 of 1st period - Stopped by Jhonas Enroth without a rebound.
16:09 of 1st period - Antoine Vermette wins face-off versus Chris VandeVelde in Ducks zone.
17:14 of 1st period - Penalty to Brad Richardson is over, Brad Richardson is back on ice.
17:24 of 1st period - Johnny Boychuk is hit by Joe Colborne and loses puck.
18:05 of 1st period - Penalty to Jan Hejda is over, Jan Hejda is back on ice.
18:37 of 1st period - Slapshot by TJ Galiardi.
18:37 of 1st period - Stopped by Jhonas Enroth without a rebound.
18:38 of 1st period - Jesse Joensuu wins face-off versus Jordan Schroeder in Ducks zone.
19:03 of 1st period - Wrist shot by Jonathan Huberdeau.
19:03 of 1st period - Deflect By Nikita Kucherov.
19:03 of 1st period - Shot Blocked by Dylan Reese.
19:03 of 1st period - Puck is out of play.
19:04 of 1st period - TJ Galiardi wins face-off versus James Sheppard in RedWings zone.
19:24 of 1st period - Double Minor Penalty to Tanner Glass for High sticking.
19:25 of 1st period - Joe Colborne wins face-off versus Antoine Vermette in Ducks zone.
19:57 of 1st period - Wrist shot by Joe Colborne.
19:57 of 1st period - Stopped by Jhonas Enroth with a rebound.
Goals for this period are 2 for Ducks vs 2 for RedWings.
Shots for this period are 10 for Ducks vs 15 for RedWings.

2nd period


0:01 of 2nd period - Antoine Vermette wins face-off versus Joe Colborne in neutral zone.
0:28 of 2nd period - Antoine Vermette is hit by Devante Smith-Pelly and loses puck.
0:33 of 2nd period - Slapshot by Aaron Ekblad.
0:33 of 2nd period - Shot Misses the Net.
1:10 of 2nd period - Wrist shot by Antoine Vermette.
1:10 of 2nd period - Shot Blocked by Alexei Emelin.
1:16 of 2nd period - Slapshot by Antoine Vermette.
1:16 of 2nd period - Shot Misses the Net.
1:49 of 2nd period - Jean-Gabriel Pageau is hit by Tomas Kopecky and loses puck.
2:04 of 2nd period - Jamie McGinn is hit by Korbinian Holzer and loses puck.
2:11 of 2nd period - Eric Gryba is hit by Drew Miller and loses puck.
2:49 of 2nd period - Minor Penalty to Steve Downie for Tripping.
2:50 of 2nd period - Joe Colborne wins face-off versus Nikita Kucherov in RedWings zone.
3:24 of 2nd period - Penalty to Tanner Glass is over, Tanner Glass is back on ice.
4:14 of 2nd period - Joe Colborne is hit by Antoine Vermette and loses puck.
4:29 of 2nd period - Korbinian Holzer is hit by Matt Frattin and loses puck.
4:49 of 2nd period - Penalty to Steve Downie is over, Steve Downie is back on ice.
4:50 of 2nd period - Wrist shot by Brad Richardson.
4:50 of 2nd period - Shot Misses the Net.
5:18 of 2nd period - Slapshot by James Sheppard.
5:18 of 2nd period - Shot Blocked by Jordan Schroeder.
5:20 of 2nd period - Snap shot by Martin Marincin.
5:20 of 2nd period - Stopped by Jonas Hiller with a rebound.
5:59 of 2nd period - Jesse Joensuu is hit by Dylan Reese and loses puck.
6:24 of 2nd period - Andrew MacWilliam is hit by Aaron Ekblad and loses puck.
6:41 of 2nd period - Snap shot by Melker Karlsson.
6:41 of 2nd period - Shot Misses the Net.
6:43 of 2nd period - Slapshot by Korbinian Holzer.
6:43 of 2nd period - Stopped by Jonas Hiller with a rebound.
6:45 of 2nd period - Slapshot by Korbinian Holzer.
6:45 of 2nd period - Stopped by Jonas Hiller with a rebound.
6:47 of 2nd period - Slapshot by Tanner Glass.
6:47 of 2nd period - Shot Blocked by Derek Forbort.
6:49 of 2nd period - Slapshot by Korbinian Holzer.
6:49 of 2nd period - Deflect By Melker Karlsson.
6:49 of 2nd period - Shot Blocked by Beau Bennett.
6:49 of 2nd period - Puck is out of play.
6:50 of 2nd period - Joe Colborne wins face-off versus James Sheppard in RedWings zone.
8:11 of 2nd period - Slapshot by Steve Downie.
8:11 of 2nd period - Stopped by Jhonas Enroth with a rebound.
8:15 of 2nd period - Snap shot by Steve Downie.
8:15 of 2nd period - Shot Misses the Net.
8:17 of 2nd period - Wrist shot by Chris VandeVelde.
8:17 of 2nd period - Deflect By Steve Downie.
8:17 of 2nd period - Shot Misses the Net.
8:17 of 2nd period - Puck is out of play.
8:18 of 2nd period - Chris VandeVelde wins face-off versus Jesse Joensuu in Ducks zone.
8:23 of 2nd period - Wrist shot by Jamie McGinn.
8:23 of 2nd period - Stopped by Jhonas Enroth with a rebound.
8:25 of 2nd period - Slapshot by Jamie McGinn.
8:25 of 2nd period - Stopped by Jhonas Enroth with a rebound.
8:29 of 2nd period - Snap shot by Chris VandeVelde.
8:29 of 2nd period - Stopped by Jhonas Enroth without a rebound.
8:30 of 2nd period - Jordan Schroeder wins face-off versus Jonathan Huberdeau in Ducks zone.
8:52 of 2nd period - Drew Miller is hit by Eric Gryba and loses puck.
9:12 of 2nd period - Slapshot by Aaron Ekblad.
9:12 of 2nd period - Stopped by Jhonas Enroth with a rebound.
9:20 of 2nd period - Slapshot by Aaron Ekblad.
9:20 of 2nd period - Shot Misses the Net.
9:22 of 2nd period - Slapshot by Alexei Emelin.
9:22 of 2nd period - Shot Hit the Post.
10:26 of 2nd period - Wrist shot by Devante Smith-Pelly.
10:26 of 2nd period - Shot Blocked by Jean-Gabriel Pageau.
10:58 of 2nd period - Icing by Peter Regin.
10:59 of 2nd period - James Sheppard wins face-off versus Jordan Schroeder in RedWings zone.
11:02 of 2nd period - Snap shot by Melker Karlsson.
11:02 of 2nd period - Deflect By James Sheppard.
11:02 of 2nd period - Shot Blocked by Aaron Ekblad.
11:02 of 2nd period - Puck is out of play.
11:03 of 2nd period - Chris VandeVelde wins face-off versus James Sheppard in RedWings zone.
11:14 of 2nd period - Slapshot by Brett Bellemore.
11:14 of 2nd period - Shot Blocked by Alexei Emelin.
11:30 of 2nd period - Korbinian Holzer is hit by Steve Downie.
11:50 of 2nd period - Backhand shot by Aaron Ekblad.
11:50 of 2nd period - Stopped by Jhonas Enroth with a rebound.
12:38 of 2nd period - Wrist shot by Jordan Schroeder.
12:38 of 2nd period - Shot Misses the Net.
12:40 of 2nd period - Slapshot by Derek Forbort.
12:40 of 2nd period - Stopped by Jhonas Enroth without a rebound.
12:41 of 2nd period - James Sheppard wins face-off versus TJ Galiardi in Ducks zone.
13:44 of 2nd period - Wrist shot by Melker Karlsson.
13:44 of 2nd period - Stopped by Jonas Hiller with a rebound.
14:25 of 2nd period - Devante Smith-Pelly is hit by Jesse Joensuu and loses puck.
16:20 of 2nd period - Snap shot by Ryan White.
16:20 of 2nd period - Shot Misses the Net.
16:34 of 2nd period - Matt Frattin is hit by Jean-Gabriel Pageau and loses puck.
17:07 of 2nd period - Minor Penalty to Steve Downie for Cross-checking.
17:08 of 2nd period - Brad Richardson wins face-off versus Joe Colborne in RedWings zone.
17:13 of 2nd period - Slapshot by Antoine Vermette.
17:13 of 2nd period - Stopped by Jonas Hiller without a rebound.
17:14 of 2nd period - Brad Richardson wins face-off versus Joe Colborne in RedWings zone.
17:19 of 2nd period - Slapshot by Johnny Boychuk.
17:19 of 2nd period - Deflect By Aaron Ekblad.
17:19 of 2nd period - Stopped by Jonas Hiller with a rebound.
17:21 of 2nd period - Wrist shot by Brad Richardson.
17:21 of 2nd period - Shot Misses the Net.
17:23 of 2nd period - Snap shot by Antoine Vermette.
17:23 of 2nd period - Shot Blocked by Alexei Emelin.
17:32 of 2nd period - Icing by Brett Bellemore.
17:33 of 2nd period - Tanner Glass wins face-off versus Joe Colborne in Ducks zone.
19:04 of 2nd period - Snap shot by Antoine Vermette.
19:04 of 2nd period - Shot Blocked by Mark Pysyk.
19:06 of 2nd period - Snap shot by Andrew MacWilliam.
19:06 of 2nd period - Deflect By Tomas Kopecky.
19:06 of 2nd period - Stopped by Jonas Hiller without a rebound.
19:07 of 2nd period - Penalty to Steve Downie is over, Steve Downie is back on ice.
19:07 of 2nd period - Brad Richardson wins face-off versus TJ Galiardi in RedWings zone.
19:49 of 2nd period - Dylan Reese is hit by Andrew MacWilliam.
Goals for this period are 0 for Ducks vs 0 for RedWings.
Shots for this period are 7 for Ducks vs 7 for RedWings.

3rd period


0:01 of 3rd period - Joe Colborne wins face-off versus James Sheppard in neutral zone.
0:17 of 3rd period - Wrist shot by Tomas Kopecky.
0:17 of 3rd period - Shot Misses the Net.
0:27 of 3rd period - Wrist shot by Devante Smith-Pelly.
0:27 of 3rd period - Stopped by Jhonas Enroth with a rebound.
0:57 of 3rd period - Chris VandeVelde is hit by Martin Marincin and loses puck.
1:52 of 3rd period - Slapshot by Jean-Gabriel Pageau.
1:52 of 3rd period - Shot Misses the Net.
2:28 of 3rd period - Icing by TJ Galiardi.
2:29 of 3rd period - TJ Galiardi wins face-off versus Nikita Kucherov in RedWings zone.
2:40 of 3rd period - Blake Comeau is hit by Tomas Kopecky and loses puck.
2:57 of 3rd period - Slapshot by Devante Smith-Pelly.
2:57 of 3rd period - Shot Misses the Net.
2:59 of 3rd period - Snap shot by Devante Smith-Pelly.
2:59 of 3rd period - Shot Misses the Net.
3:50 of 3rd period - Snap shot by Melker Karlsson.
3:50 of 3rd period - Stopped by Jonas Hiller with a rebound.
4:08 of 3rd period - Wrist shot by Brad Richardson.
4:08 of 3rd period - Stopped by Jonas Hiller with a rebound.
4:10 of 3rd period - Wrist shot by Jean-Gabriel Pageau.
4:10 of 3rd period - Stopped by Jonas Hiller with a rebound.
6:53 of 3rd period - Slapshot by Eric Gryba.
6:53 of 3rd period - Shot Misses the Net.
6:55 of 3rd period - Slapshot by Eric Gryba.
6:55 of 3rd period - Deflect By Jamie McGinn.
6:55 of 3rd period - Stopped by Jhonas Enroth with a rebound.
6:57 of 3rd period - Snap shot by Chris VandeVelde.
6:57 of 3rd period - Stopped by Jhonas Enroth with a rebound.
7:22 of 3rd period - Eric Gryba is hit by Martin Marincin and loses puck.
7:31 of 3rd period - Drew Miller is hit by Eric Gryba and loses puck.
8:08 of 3rd period - Minor Penalty to Ryan White for Roughing.
8:09 of 3rd period - Joe Colborne wins face-off versus Brad Richardson in RedWings zone.
9:22 of 3rd period - Alexei Emelin is hit by Brett Bellemore and loses puck.
9:55 of 3rd period - Brad Richardson is hit by Mark Pysyk.
9:59 of 3rd period - Slapshot by Aaron Ekblad.
9:59 of 3rd period - Shot Misses the Net.
10:08 of 3rd period - Penalty to Ryan White is over, Ryan White is back on ice.
11:04 of 3rd period - Minor Penalty to Ryan White for Holding Stick.
11:05 of 3rd period - Joe Colborne wins face-off versus Brad Richardson in RedWings zone.
11:10 of 3rd period - Slapshot by Devante Smith-Pelly.
11:10 of 3rd period - Stopped by Jhonas Enroth with a rebound.
11:34 of 3rd period - Snap shot by Devante Smith-Pelly.
11:34 of 3rd period - Shot Misses the Net.
12:00 of 3rd period - Jamie McGinn is hit by Andrew MacWilliam and loses puck.
12:39 of 3rd period - Minor Penalty to Brett Bellemore for Slashing.
12:40 of 3rd period - Joe Colborne wins face-off versus Nikita Kucherov in Ducks zone.
12:40 of 3rd period - Slapshot by Aaron Ekblad.
12:40 of 3rd period - Shot Blocked by Johnny Boychuk.
12:42 of 3rd period - Snap shot by Aaron Ekblad.
12:42 of 3rd period - Stopped by Jhonas Enroth with a rebound.
12:44 of 3rd period - Slapshot by Aaron Ekblad.
12:44 of 3rd period - Stopped by Jhonas Enroth without a rebound.
12:45 of 3rd period - Joe Colborne wins face-off versus Brad Richardson in Ducks zone.
13:04 of 3rd period - Penalty to Ryan White is over, Ryan White is back on ice.
13:30 of 3rd period - Steve Downie is hit by Johnny Boychuk and loses puck.
13:39 of 3rd period - Eric Gryba is hit by Antoine Vermette and loses puck.
13:58 of 3rd period - Tomas Kopecky is hit by Antoine Vermette and loses puck.
14:03 of 3rd period - Snap shot by Antoine Vermette.
14:03 of 3rd period - Shot Blocked by Eric Gryba.
14:05 of 3rd period - Slapshot by Andrew MacWilliam.
14:05 of 3rd period - Stopped by Jonas Hiller with a rebound.
14:39 of 3rd period - Penalty to Brett Bellemore is over, Brett Bellemore is back on ice.
14:46 of 3rd period - Jesse Joensuu is hit by Alexei Emelin and loses puck.
14:57 of 3rd period - Andrew MacWilliam is hit by Aaron Ekblad and loses puck.
15:27 of 3rd period - Melker Karlsson is hit by Alexei Emelin.
15:31 of 3rd period - Aaron Ekblad is hit by Tanner Glass.
15:56 of 3rd period - Matt Frattin is hit by Brad Richardson and loses puck.
16:41 of 3rd period - Joe Colborne is hit by James Sheppard and loses puck.
16:50 of 3rd period - Snap shot by Devante Smith-Pelly.
16:50 of 3rd period - Shot Blocked by Johnny Boychuk.
17:06 of 3rd period - Ryan White is hit by Blake Comeau and loses puck.
17:56 of 3rd period - Slapshot by Nikita Kucherov.
17:56 of 3rd period - Shot Misses the Net.
17:58 of 3rd period - Slapshot by Andrew MacWilliam.
17:58 of 3rd period - Stopped by Jonas Hiller without a rebound.
17:59 of 3rd period - Chris VandeVelde wins face-off versus Jesse Joensuu in RedWings zone.
18:05 of 3rd period - Icing by Martin Marincin.
18:06 of 3rd period - Jesse Joensuu wins face-off versus Chris VandeVelde in Ducks zone.
18:19 of 3rd period - Snap shot by Steve Downie.
18:19 of 3rd period - Stopped by Jhonas Enroth without a rebound.
18:20 of 3rd period - Joe Colborne wins face-off versus James Sheppard in Ducks zone.
18:41 of 3rd period - Antoine Vermette is hit by Tomas Kopecky and loses puck.
18:48 of 3rd period - Slapshot by Brett Bellemore.
18:48 of 3rd period - Shot Blocked by Tomas Kopecky.
18:50 of 3rd period - Slapshot by Johnny Boychuk.
18:50 of 3rd period - Deflect By Nikita Kucherov.
18:50 of 3rd period - Deflect By Aaron Ekblad.
18:50 of 3rd period - Shot Blocked by Alexei Emelin.
18:50 of 3rd period - Puck is out of play.
18:51 of 3rd period - TJ Galiardi wins face-off versus Nikita Kucherov in RedWings zone.
19:18 of 3rd period - TJ Galiardi is hit by Brad Richardson and loses puck.
19:33 of 3rd period - Ryan White is hit by Tanner Glass and loses puck.
19:38 of 3rd period - Snap shot by Melker Karlsson.
19:38 of 3rd period - Stopped by Jonas Hiller with a rebound.
19:42 of 3rd period - Snap shot by Tanner Glass.
19:42 of 3rd period - Shot Misses the Net.
19:44 of 3rd period - Snap shot by Tanner Glass.
19:44 of 3rd period - Shot Misses the Net.
19:46 of 3rd period - Snap shot by Tanner Glass.
19:46 of 3rd period - Shot Blocked by Eric Gryba.
19:52 of 3rd period - Minor Penalty to Ryan White for Holding.
19:53 of 3rd period - Brad Richardson wins face-off versus Joe Colborne in RedWings zone.
Goals for this period are 0 for Ducks vs 0 for RedWings.
Shots for this period are 6 for Ducks vs 7 for RedWings.

Overtime #1


0:01 of 1st overtime period - Nikita Kucherov wins face-off versus Joe Colborne in neutral zone.
0:14 of 1st overtime period - Slapshot by Nikita Kucherov.
0:14 of 1st overtime period - Stopped by Jonas Hiller with a rebound.
0:16 of 1st overtime period - Slapshot by Johnny Boychuk.
0:16 of 1st overtime period - Deflect By Brad Richardson.
0:16 of 1st overtime period - Stopped by Jonas Hiller with a rebound.
0:18 of 1st overtime period - Slapshot by Nikita Kucherov.
0:18 of 1st overtime period - Stopped by Jonas Hiller with a rebound.
0:20 of 1st overtime period - Snap shot by Brad Richardson.
0:20 of 1st overtime period - Deflect By Nikita Kucherov.
0:20 of 1st overtime period - Shot Misses the Net.
0:20 of 1st overtime period - Puck is out of play.
0:21 of 1st overtime period - Joe Colborne wins face-off versus Brad Richardson in RedWings zone.
0:32 of 1st overtime period - Wrist shot by Brad Richardson.
0:32 of 1st overtime period - Stopped by Jonas Hiller with a rebound.
0:42 of 1st overtime period - Wrist shot by Joe Colborne.
0:42 of 1st overtime period - Stopped by Jhonas Enroth with a rebound.
0:44 of 1st overtime period - Slapshot by Aaron Ekblad.
0:44 of 1st overtime period - Shot Misses the Net.
0:48 of 1st overtime period - Slapshot by Joe Colborne.
0:48 of 1st overtime period - Shot Misses the Net.
0:50 of 1st overtime period - Snap shot by Aaron Ekblad.
0:50 of 1st overtime period - Shot Misses the Net.
0:52 of 1st overtime period - Snap shot by Joe Colborne.
0:52 of 1st overtime period - Stopped by Jhonas Enroth with a rebound.
1:52 of 1st overtime period - Penalty to Ryan White is over, Ryan White is back on ice.
2:08 of 1st overtime period - Matt Frattin is hit by Andrew MacWilliam and loses puck.
2:22 of 1st overtime period - Snap shot by Antoine Vermette.
2:22 of 1st overtime period - Shot Misses the Net.
3:36 of 1st overtime period - Johnny Boychuk is hit by Devante Smith-Pelly and loses puck.
4:00 of 1st overtime period - Jesse Joensuu is hit by Ryan White.
4:04 of 1st overtime period - Alexei Emelin is hit by Brett Bellemore and loses puck.
4:14 of 1st overtime period - Icing by Andrew MacWilliam.
4:15 of 1st overtime period - Jonathan Huberdeau wins face-off versus Tomas Kopecky in Ducks zone.
4:19 of 1st overtime period - Off-side.
4:20 of 1st overtime period - Tomas Kopecky wins face-off versus Jonathan Huberdeau in neutral zone.
4:31 of 1st overtime period - Jamie McGinn is hit by Brett Bellemore and loses puck.
4:42 of 1st overtime period - Korbinian Holzer is hit by Tomas Kopecky and loses puck.
Goals for this period are 0 for Ducks vs 0 for RedWings.
Shots for this period are 4 for Ducks vs 2 for RedWings.

ShootOut


5:00 of 1st overtime period - Penalty Shot by Antoine Vermette for Ducks.
5:00 of 1st overtime period - Wrist shot by Antoine Vermette.
5:00 of 1st overtime period - Goal by Antoine Vermette.
5:00 of 1st overtime period - Penalty Shot by Joe Colborne for RedWings.
5:00 of 1st overtime period - Deke by Joe Colborne.
5:00 of 1st overtime period - Goal by Joe Colborne.
5:00 of 1st overtime period - Penalty Shot by Brad Richardson for Ducks.
5:00 of 1st overtime period - Snap shot by Brad Richardson.
5:00 of 1st overtime period - Goal by Brad Richardson.
5:00 of 1st overtime period - Penalty Shot by Devante Smith-Pelly for RedWings.
5:00 of 1st overtime period - Wrist shot by Devante Smith-Pelly.
5:00 of 1st overtime period - Stopped by Jhonas Enroth.
5:00 of 1st overtime period - Penalty Shot by Jonathan Huberdeau for Ducks.
5:00 of 1st overtime period - Backhand shot by Jonathan Huberdeau.
5:00 of 1st overtime period - Stopped by Jonas Hiller.
5:00 of 1st overtime period - Penalty Shot by Tomas Kopecky for RedWings.
5:00 of 1st overtime period - Deke by Tomas Kopecky.
5:00 of 1st overtime period - Stopped by Jhonas Enroth.